 Dungeon Crawl Stone Soup version 0.23-a0-445-g768d57b (webtiles) character file.

32 Azzok the Firebug (level 3, 0/24 HPs)
             Began as a Demonspawn Fire Elementalist on Nov 17, 2018.
             Slain by a jackal (2 damage)
             ... on level 2 of the Dungeon.
             The game lasted 00:02:37 (1432 turns).

Azzok the Firebug (Demonspawn Fire Elementalist)    Turns: 1432, Time: 00:02:37

Health: 0/24       AC:  3    Str: 13    XL:     3   Next: 8%
Magic:  0/6        EV: 12    Int: 17    God:
Gold:   58         SH:  0    Dex: 13    Spells: 6/7 levels left

rFire    . . .     SeeInvis .   e - +0 short sword
rCold    . . .     Gourm    .   (no shield)
rNeg     . . .     Faith    .   a - +0 robe
rPois    .         Spirit   +   d - +1 hat
rElec    .         Reflect  .   (no cloak)
rCorr    .         Harm     .   (no gloves)
MR       .....                  (no boots)
Stlth    ++........             (no amulet)
HPRegen  0.08/turn              (no ring)
MPRegen  0.10/turn              (no ring)

@: mighty, lethally poisoned (0 -> -6), flying
A: talons 1, magic shield
a: no special abilities


You were on level 2 of the Dungeon.
You were not hungry.

You visited 1 branch of the dungeon, and saw 2 of its levels.

You collected 58 gold pieces.

Inventory:

Hand Weapons
 e - a +0 short sword (weapon)
Armour
 a - a +0 robe (worn)
 d - a +1 hat (worn)
Scrolls
 b - 4 scrolls of remove curse {unknown}
 f - a scroll of teleportation {unknown}
 i - a scroll of amnesia {unknown}
 j - a scroll of blinking {unknown}
 n - a scroll of immolation {unknown}
Potions
 l - a potion of mutation {unknown}
Comestibles
 c - 4 rations
 m - a chunk of flesh


   Skills:
 - Level 1.7 Dodging
 - Level 1.7 Stealth
 + Level 2.5 Spellcasting
 + Level 1.9 Conjurations
 + Level 3.1 Fire Magic


You had 6 spell levels left.
You knew the following spells:

 Your Spells              Type           Power        Failure   Level  Hunger
a - Flame Tongue          Conj/Fire      ##...        7%          1    #......

Your spell library contained the following spells:

 Spells                   Type           Power        Failure   Level  Hunger
 Throw Flame              Conj/Fire      ##....       10%         2    ##.....
 Conjure Flame            Conj/Fire      ##......     21%         3    ###....
 Inner Flame              Hex/Fire       #.......     28%         3    ###....
 Sticky Flame             Conj/Fire      ##......     54%         4    #####..
 Fireball                 Conj/Fire      ##........   88%         5    ######.


Dungeon Overview and Level Annotations

Branches:
Dungeon (2/15)

Altars:


Innate Abilities, Weirdness & Mutations

You have sharp toenails.
When hurt, damage is shared between your health and your magic reserves.


Message History

Casting: Flame Tongue (safe; 7% risk of failure)
Confirm with . or Enter, or press ? or * to list all spells.
You don't have enough magic to cast that spell.
It was a potion of cancellation.
You feel magically purged.
Your magical contamination has completely faded away.
The adder bites you.
* * * LOW HITPOINT WARNING * * *
The jackal bites you but does no damage.
The adder bites you.
* * * LOW HITPOINT WARNING * * *
It was a potion of flight.
You feel very buoyant.
You fly up into the air.
* * * LOW HITPOINT WARNING * * *
You feel sick. The jackal closely misses you. The adder barely misses you.
The jackal bites you but does no damage.
It was a potion of might.
You feel very mighty all of a sudden. The adder bites you but does no damage.
The jackal bites you.
You die...

▒············
▒···)·▒▒▒▒▒▒▒
▒···········
▒······▒▒··▒
▒······▒▒ ▒
▒···S···▒
▒▒▒▒·▒▒·▒
▒▒▒▒▒▒·▒▒h▒
▒·$·····▒@▒
▒··)··)·▒S▒
▒·········▒
▒·····)·▒▒▒
▒·······▒
·········▒
▒▒▒▒▒▒▒▒▒▒


You could see an adder and a jackal.

Vanquished Creatures
  3 bats (D:1)
  2 giant cockroaches (D:1)
  8 goblins
  3 hobgoblins (D:2)
  A jackal (D:2)
  6 kobolds (D:1)
  A frilled lizard (D:1)
  3 rats
27 creatures vanquished.

Notes
Turn   | Place    | Note
-------+----------+-------------------------------------------
     0 | D:1      | Azzok the Demonspawn Fire Elementalist began the quest for
                  | the Orb.
     0 | D:1      | Reached XP level 1. HP: 13/13 MP: 3/3
   434 | D:1      | Gained mutation: You have sharp toenails. [demonic
                  | ancestry]
   434 | D:1      | Reached XP level 2. HP: 19/19 MP: 3/5
   574 | D:1      | Reached skill level 3 in Fire Magic
  1380 | D:2      | Gained mutation: When hurt, damage is shared between your
                  | health and your magic reserves. [demonic ancestry]
  1380 | D:2      | Reached XP level 3. HP: 24/24 MP: 3/6
  1432 | D:2      | Slain by a jackal

Vault maps used:
D:1:      ncdulo_smallfort
D:2:      minmay_general_purpose_star, tgw_fedhas,
          nicolae_overflow_hidden_temple, doesnt_xom_only_xom,
          minmay_tetromino_l4

Skill      XL: |  1  2 |
---------------+-------+-----
Fire Magic     | 3 |  3.1
Dodging        | |  1.7
Stealth        | |  1.7
Spellcasting   | |  2.5
Conjurations   | |  1.9

Action                   || total
-------------------------++-------
Melee: Short sword       ||    12
       Kick              ||     2
 Cast: Flame Tongue      ||    43
  Use: Potion            ||     3
  Eat: Chunk             ||     2
Armor: Robe              ||    19
Dodge: Dodged            ||    24

Table legend:
 A = Non-vault XP
 B = Vault XP
 C = Vault XP percentage of total XP
 D = Non-vault monster count
 E = Vault monster count
 F = Vault count percentage of total count
                 A         B        C        D         E       F
            +---------+---------+-------+---------+---------+-------
      Total |      44 |       2 |   4.3 |      26 |       1 |   3.7
            +---------+---------+-------+---------+---------+-------
        D:1 |      33 |       0 |   0.0 |      20 |       0 |   0.0
        D:2 |      11 |       2 |  15.4 |       6 |       1 |  14.3
            +---------+---------+-------+---------+---------+-------
